Cogmind - Beta 16 @@@ ROGUE MODE // 2025.12.18 @ 21:10:00 Player: tsintsir Result: Destroyed by C-17 Slicer with Blade Saw Performance ------------- Evolutions (2) 1000 Regions Visited (7) 1400 Robots Destroyed (24) 120 Value Destroyed (649) 649 Prototype IDs (24) 480 Alien Tech Used (0) 0 Bonus (1000) 1000 TOTAL SCORE: 4649 Bonus ------- Entered Garrisons 200 Used RIF Installer 500 Aligned with FarCom 300 Cogmind --------- Core Integrity 0/550 Matter 183/300 Energy 84/100 System Corruption 2% Temperature Cool (9) Movement Core (50) Location -8/Materials Parts ------- > --- POWER (1) -------- (None) > --- PROPULSION (4) --- (None) > --- UTILITY (4) ------ Improved Signal Interpreter > --- WEAPON (2) ------- (None) > --- INVENTORY (5) ---- Relay Coupler [Duelist] (22) Advanced Beam Rifle Peak State ------------ > --- POWER ------------ Light Deuterium Engine > --- PROPULSION ------- Hover Unit Hover Unit Hover Unit Hover Unit > --- UTILITY ---------- Small Storage Unit Structural Scanner Hacking Suite Supersonic Drone Bay > --- WEAPON ----------- Advanced Beam Rifle Mining Claw > --- INVENTORY -------- Light Ion Engine Light Ion Engine Hover Unit Sensor Array Datajack [Rating: 25] Favorites ----------- Power Light Ion Engine Engine Light Ion Engine Propulsion Hover Unit Leg Aluminum Leg Hover Unit Hover Unit Utility Small Storage Unit Device Structural Scanner Storage Small Storage Unit Processor Improved Signal Interpreter Hackware Hacking Suite Weapon EM Pulse Gun Energy Gun EM Pulse Gun Slashing Weapon Mining Claw Special Melee Weapon Datajack Build | -11 -10 -10 -10 -9 -8 -8 -8 ------- Run | Yrd Mat Min Exi Min Mat Gar Mat Slots Evolved 4 | . . . . . 4 . . Power . | . . . . . . . . Propulsion 2 | . . . . . 2 . . Utility 2 | . . . . . 2 . . Weapon . | . . . . . . . . Parts Attached 35 | 7 10 . . . 6 6 6 Power 6 | 1 2 . . . 1 1 1 Engine 6 | 1 2 . . . 1 1 1 Core . | . . . . . . . . Reactor . | . . . . . . . . Propulsion 11 | 2 3 . . . 2 3 1 Treads . | . . . . . . . . Leg 2 | 2 . . . . . . . Wheel 1 | . . . . . . . 1 Hover 8 | . 3 . . . 2 3 . Flight . | . . . . . . . . Utility 11 | 2 2 . . . 1 2 4 Device 8 | 1 1 . . . 1 2 3 Storage 1 | 1 . . . . . . . Processor 1 | . . . . . . . 1 Hackware 1 | . 1 . . . . . . Protection . | . . . . . . . . Artifact . | . . . . . . . . Weapon 7 | 2 3 . . . 2 . . Energy Gun 5 | 2 2 . . . 1 . . Energy Cannon . | . . . . . . . . Ballistic Gun . | . . . . . . . . Ballistic Cannon . | . . . . . . . . Launcher . | . . . . . . . . Special Weapon . | . . . . . . . . Impact Weapon . | . . . . . . . . Slashing Weapon 1 | . 1 . . . . . . Piercing Weapon . | . . . . . . . . Special Melee Weapon 1 | . . . . . 1 . . Unidentified Prototypes 1 | . . . . . 1 . . Corrupted Parts 1 | . 1 . . . . . . System Corruption 1 | . 1 . . . . . . Parts Lost 21 | . 3 2 . . . 14 2 Power 3 | . 1 . . . . 2 . Propulsion 8 | . 1 . . . . 7 . Utility 5 | . . . . . . 3 2 Weapon 5 | . 1 2 . . . 2 . Highest Loss Streak 8 | . 2 2 . . . 8 2 To Critical Strikes . | . . . . . . . . Average Backups 6 | 2 6 7 7 8 4 5 4 Power 1 | . . 1 1 1 1 1 . Propulsion 1 | 1 2 3 3 3 1 . . Utility 1 | . 1 2 2 3 1 2 2 Weapon . | . 1 . . . . . . Tool/Special . | . . . . . . . . Unused Backups 6 | . 4 . . . . 1 1 Power . | . . . . . . . . Propulsion 2 | . 2 . . . . . . Utility 3 | . 1 . . . . 1 1 Weapon 1 | . 1 . . . . . . Tool/Special . | . . . . . . . . Average Slot Usage (%) 71 | . 94 89 85 85 96 43 18 Engine 9 | . 13 14 14 14 9 3 . Leg 4 | . 10 . . . . . . Hover 16 | . 17 28 28 28 35 9 . Device 6 | . 8 . . . 16 7 7 Storage 9 | . 14 14 14 14 9 3 . Hackware 8 | . 4 14 14 14 9 9 8 Energy Gun 8 | . 20 9 . . 6 1 . Slashing Weapon 5 | . 2 8 14 14 9 7 . Peak Build Rating 25 | 9 9 9 9 9 25 25 14 Average Rating 8 | 5 7 8 8 9 23 11 5 On Entrance 9 | . 9 9 8 9 9 25 4 Avg Prop Armor Cover (%) . | . . . . . . . . Naked Turns . | . . . . . . . . Heaviest Build 16 | 15 15 12 10 10 16 16 4 Greatest Support 24 | 20 20 12 12 12 24 24 3 Greatest Overweight (x) 3 | 1 2 . . . . 3 1 Average Overweight (x) . | . . . . . . . . Largest Inventory Capacity 8 | 8 8 8 8 8 8 8 5 Average Capacity 7 | 7 8 8 8 8 8 5 5 Most Carried 8 | 4 8 8 8 8 7 7 5 Average Carried 6 | 2 6 7 7 8 4 5 4 Final Capacity 8 | 8 8 8 8 8 8 5 5 Final Carried 8 | 4 8 7 8 8 5 5 2 Class Distribution -------------------- 90% | Mutant 9% | Scout Dominant Class ---------------- Mutant | -10/Materials Mutant | -10/Mines Mutant | -10/Exiles Mutant | -9/Mines Mutant | -8/Materials Mutant | -8/Garrison Mutant | -8/Materials Resources | -11 -10 -10 -10 -9 -8 -8 -8 ----------- Run | Yrd Mat Min Exi Min Mat Gar Mat Matter Collected 488 | 270 142 12 . . . 64 . Remotely . | . . . . . . . . Salvage Created 775 | 170 422 96 . . 49 38 . Parts 59 | 15 32 4 . . 4 4 . Haulers Intercepted 3 | . 2 . . . 1 . . Recyclers Shooed 3 | 1 . 2 . . . . . Parts Field Recycled . | . . . . . . . . Retrieved Matter . | . . . . . . . . Parts Self-Destructed . | . . . . . . . . Prevented . | . . . . . . . . Parts Restored . | . . . . . . . . Kills | -11 -10 -10 -10 -9 -8 -8 -8 ------- Run | Yrd Mat Min Exi Min Mat Gar Mat Combat Hostiles Destroyed 11 | . 9 2 . . . . . Melee 7 | . 6 1 . . . . . Guns 3 | . 2 1 . . . . . Classes Destroyed 7 | 2 5 . . . . . . Tunneler 4 | 4 . . . . . . . Hauler 3 | . 2 . . . 1 . . Recycler 1 | 1 . . . . . . . Operator 2 | . 2 . . . . . . Watcher 3 | . 2 . . . . 1 . Swarmer 5 | . 5 . . . . . . Grunt 6 | . 4 2 . . . . . Best Kill Streak 3 | 3 3 1 . . 1 1 . Combat Bots Only 3 | . 3 1 . . . . . Max Kills in Single Turn 2 | 2 1 1 . . 1 1 . Gunslinging . | . . . . . . . . Exploded . | . . . . . . . . Melee 1 | . 1 1 . . . . . Uniques/NPCs Destroyed . | . . . . . . . . Combat | -11 -10 -10 -10 -9 -8 -8 -8 -------- Run | Yrd Mat Min Exi Min Mat Gar Mat Hostile Shots Fired 210 | . 68 17 . . . 91 34 Missed 75 | . 21 4 . . . 34 16 Hits 135 | . 47 13 . . . 57 18 Melee 8 | . . . . . . . 8 Projectile 127 | . 47 13 . . . 57 10 AOE 3 | . . . . . . . 3 Critical Strikes 7 | . . . . . . 3 4 Damage Taken 1923 | 40 424 189 . . . 907 363 Core 759 | . 118 75 . . . 267 299 Absorbed by Shields 4 | . . . . . . . 4 Core Remaining (%) 61 | 100 . . . 22 . . . Volleys Fired 80 | 10 60 9 . . . . 1 Largest 2 | 1 2 2 . . . . 1 Hottest 80 | 40 80 80 . . . . 61 Shots Fired 94 | 10 72 11 . . . . 1 Gun 94 | 10 72 11 . . . . 1 Cannon . | . . . . . . . . Launcher . | . . . . . . . . Special . | . . . . . . . . Kinetic . | . . . . . . . . Thermal 1 | . . . . . . . 1 Explosive . | . . . . . . . . Electromagnetic 93 | 10 72 11 . . . . . Robot Hit Streak 6 | 4 6 2 . . . . . Robot Miss Streak 4 | 1 4 3 . . . . . Penetration Max . | . . . . . . . . Secondary Targets . | . . . . . . . . Shots Hit Robots 65 | 8 44 10 . . 1 2 . Core Hits 30 | 6 18 3 . . 1 2 . Critical Kills . | . . . . . . . . Critical Parts Destroyed . | . . . . . . . . Critical Strikes . | . . . . . . . . Melee Attacks 40 | . 21 6 . . 3 10 . Impact . | . . . . . . . . Slashing 38 | . 21 6 . . 3 8 . Piercing . | . . . . . . . . Sneak Attacks 5 | . 2 2 . . 1 . . Combat Hostiles . | . . . . . . . . Follow-up Attacks . | . . . . . . . . Damage Inflicted 1417 | 184 883 222 . . 50 78 . Guns 645 | 114 485 46 . . . . . Cannons . | . . . . . . . . Explosions 140 | 70 70 . . . . . . Melee 603 | . 328 176 . . 50 49 . Ramming 29 | . . . . . . 29 . Kinetic . | . . . . . . . . Thermal 140 | 70 70 . . . . . . Explosive . | . . . . . . . . Electromagnetic 645 | 114 485 46 . . . . . Impact . | . . . . . . . . Slashing 603 | . 328 176 . . 50 49 . Piercing . | . . . . . . . . Highest Corruption 4 | . 4 4 4 4 . 2 2 Average Corruption 3 | . 3 4 4 4 . 2 2 Corruption Purged . | . . . . . . . . Corruption Blocked . | . . . . . . . . Effects 28 | . 6 2 7 3 . 3 7 Message Errors 7 | . 1 . 3 1 . 1 1 Matter Fused 8 | . 1 . 2 1 . 1 3 Heat Flow Errors 3 | . 2 . . 1 . . . Energy Discharges 3 | . . 1 . . . . 2 Data Loss (minor) 3 | . . . 1 . . 1 1 Data Loss (major) 3 | . 1 1 1 . . . . Misfires 1 | . 1 . . . . . . Overload Shots . | . . . . . . . . Overflow Damage 27 | . . 27 . . . . . Projectiles . | . . . . . . . . Explosions . | . . . . . . . . Melee 27 | . . 27 . . . . . Knockbacks . | . . . . . . . . Impact . | . . . . . . . . Kinetic . | . . . . . . . . Secondary . | . . . . . . . . Self-Inflicted Damage 52 | 40 . . . . . 12 . Shots 1 | 1 . . . . . . . Rammed 10 | . . . . . . 10 . Targets Rammed 10 | . . . . . . 10 . Kicked . | . . . . . . . . Crushed . | . . . . . . . . Highest Temperature 288 | 12 288 171 . 145 . 14 . Average Temperature 62 | 12 55 98 . 73 . 5 . Received Heat Transfer 609 | . 111 111 . . . 378 9 Siege Activations . | . . . . . . . . Martial Activations . | . . . . . . . . Shielding Activations . | . . . . . . . . Robots Disrupted . | . . . . . . . . Combat Hostiles . | . . . . . . . . Robots Corrupted 2 | . 2 . . . . . . Combat Hostiles 1 | . 1 . . . . . . Parts Fried 3 | 1 2 . . . . . . Impact Corruptions . | . . . . . . . . Robots Melted . | . . . . . . . . Combat Hostiles . | . . . . . . . . Parts Melted . | . . . . . . . . Heat Transferred 200 | 100 100 . . . . . . Parts Sabotaged . | . . . . . . . . Parts Stolen . | . . . . . . . . Parts Stripped . | . . . . . . . . Power Chain Reactions 3 | 1 2 . . . . . . Alert | -11 -10 -10 -10 -9 -8 -8 -8 ------- Run | Yrd Mat Min Exi Min Mat Gar Mat Maximum Alert Level 1 | . . . . . . 1 . Low Security (%) 99 | 100 100 100 . 100 100 94 100 Level 1 . | . . . . . . 5 . Level 2 . | . . . . . . . . Level 3 . | . . . . . . . . Level 4 . | . . . . . . . . Level 5 . | . . . . . . . . High Security . | . . . . . . . . Max Security . | . . . . . . . . Peak Influence 222 | 15 63 30 . . 8 222 112 Initial 107 | . . . . . . . 107 Average 23 | 2 20 7 . . . 74 27 Influence Increases 813 | 25 342 50 . . 9 352 35 Destroy 0b10 Robot/C 220 | . 180 40 . . . . . Destroy 0b10 Robot/NC 65 | 25 30 . . . 5 5 . Destroy Leader 60 | . 48 10 . . 2 . . Successful Hack 35 | . 18 . . . . 12 5 Disable Machine 60 | . 45 . . . . . 15 Anti-Garrison Action 50 | . . . . . . 50 . Destroy Structure 23 | . 6 . . . 2 15 . Partial Spotted 15 | . . . . . . 15 . Lose Combat Pursuer 285 | . 15 . . . . 255 15 Influence Decreases 798 | 25 342 50 . . 9 130 242 Entered New Map 115 | . . . . . . . 115 Time Decay 513 | 25 312 40 . . 9 . 127 Lost Part 170 | . 30 10 . . . 130 . Squads Dispatched 4 | . 3 . . . . . 1 Investigation 2 | . 2 . . . . . . Extermination . | . . . . . . . . Reinforcement 2 | . 1 . . . . . 1 Assault . | . . . . . . . . Garrison . | . . . . . . . . Intercept . | . . . . . . . . Searches Triggered . | . . . . . . . . Construction Impeded . | . . . . . . . . Haulers Reinforced . | . . . . . . . . Active Scanning Responses . | . . . . . . . . Cargo Convoy Interrupts . | . . . . . . . . Stealth | -11 -10 -10 -10 -9 -8 -8 -8 --------- Run | Yrd Mat Min Exi Min Mat Gar Mat Distress Signals 1 | . . . . . . . 1 Communications Jammed . | . . . . . . . . Distress Signals . | . . . . . . . . Times Spotted 51 | . 15 2 . . 1 24 9 Peak Tracking Total 10 | . 3 2 . . 2 10 10 Tactical Retreats 7 | . 1 . . . . 5 1 Traps | -11 -10 -10 -10 -9 -8 -8 -8 ------- Run | Yrd Mat Min Exi Min Mat Gar Mat Traps Triggered 2 | . 2 . . . . . . Indirectly . | . . . . . . . . Trap Hack Attempts . | . . . . . . . . Triggered . | . . . . . . . . Disarmed . | . . . . . . . . Reprogrammed . | . . . . . . . . Reused . | . . . . . . . . Traps Extracted . | . . . . . . . . Installed . | . . . . . . . . Triggered . | . . . . . . . . Machines | -11 -10 -10 -10 -9 -8 -8 -8 ---------- Run | Yrd Mat Min Exi Min Mat Gar Mat Machines Disabled 5 | . 3 . . . . 1 1 Max in Single Turn 1 | . 1 . . . . 1 1 Garrison Relay 1 | . . . . . . 1 . Machines Repaired . | . . . . . . . . Machines Dismantled . | . . . . . . . . Machines Sabotaged . | . . . . . . . . Overloaded Fab Kills . | . . . . . . . . Hacking | -11 -10 -10 -10 -9 -8 -8 -8 --------- Run | Yrd Mat Min Exi Min Mat Gar Mat Machines Accessed 13 | . 6 . 2 . 1 1 3 Terminals 9 | . 5 . . . . 1 3 Fabricators . | . . . . . . . . Repair Stations 1 | . 1 . . . . . . Recycling Units . | . . . . . . . . Scanalyzers . | . . . . . . . . Garrison Access 1 | . . . . . 1 . . Total Hacks 26 | . 14 . 3 . 2 1 6 Successful 10 | . 3 . 3 . 1 1 2 Failed 15 | . 10 . . . 1 . 4 Catastrophic 7 | . 5 . . . . . 2 Database Lockouts 1 | . 1 . . . . . . Manual 23 | . 15 . 2 . . . 6 Terminals 19 | . 12 . . . . 1 6 Fabricators . | . . . . . . . . Repair Stations 2 | . 2 . . . . . . Recycling Units . | . . . . . . . . Scanalyzers . | . . . . . . . . Garrison Access 2 | . . . . . 2 . . Terminal Hacks 7 | . 2 . 3 . . 1 1 Record 2 | . . . 2 . . . . Robot Analysis 1 | . 1 . . . . . . Emergency Access Points 1 | . . . . . . 1 . Terminal Index 2 | . 1 . . . . . 1 Proto ID Catalog 1 | . . . 1 . . . . Fabricator Hacks . | . . . . . . . . Repair Station Hacks 1 | . 1 . . . . . . Scan Component 1 | . 1 . . . . . . Recycling Unit Hacks . | . . . . . . . . Scanalyzer . | . . . . . . . . Garrison Access Hacks 1 | . . . . . 1 . . Unlock Access 1 | . . . . . 1 . . Unauthorized Hacks 1 | . . . . . . . 1 Terminals 1 | . . . . . . . 1 Operators 1 | . . . . . . . 1 Fabricators . | . . . . . . . . Repair Stations . | . . . . . . . . Recycling Units . | . . . . . . . . Scanalyzers . | . . . . . . . . Garrison Access . | . . . . . . . . Data Cores Recovered 1 | . 1 . . . . . . Used . | . . . . . . . . Hacking Detections 11 | . 6 . . . 1 1 3 Full Trace Events 2 | . 2 . . . . . . Feedback Events . | . . . . . . . . Feedback Blocked . | . . . . . . . . Robot Schematics Acquired . | . . . . . . . . Robots Built . | . . . . . . . . Authchips . | . . . . . . . . Time . | . . . . . . . . Total Robot Build Rating . | . . . . . . . . Part Schematics Acquired . | . . . . . . . . Parts Built . | . . . . . . . . Authchips . | . . . . . . . . Time . | . . . . . . . . Total Part Build Rating . | . . . . . . . . Part Studies Acquired . | . . . . . . . . Parts Repaired . | . . . . . . . . Time . | . . . . . . . . Parts Recycled . | . . . . . . . . Recycled Matter . | . . . . . . . . Retrieved Matter . | . . . . . . . . Retrieved Components . | . . . . . . . . Parts Scanalyzed . | . . . . . . . . Part Schematics Acquired . | . . . . . . . . Parts Damaged . | . . . . . . . . Bothacking | -11 -10 -10 -10 -9 -8 -8 -8 ------------ Run | Yrd Mat Min Exi Min Mat Gar Mat Used RIF Installer 1 | . . . . . . 1 . Robots Hacked . | . . . . . . . . Non-combat . | . . . . . . . . Combat . | . . . . . . . . Robot Hacks Applied . | . . . . . . . . Relay Couplers Released 4 | . . . . . . 4 . Machine Destruction 4 | . . . . . . 4 . Fabnet Peak Effective % . | . . . . . . . . Robots Rewired . | . . . . . . . . Allies Hacked . | . . . . . . . . Hacks Repelled . | . . . . . . . . Allies | -11 -10 -10 -10 -9 -8 -8 -8 -------- Run | Yrd Mat Min Exi Min Mat Gar Mat Total Allies 2 | . . . . 2 . . . Largest Group 2 | . . . . 2 2 . . Highest-Rated Group 41 | . . . . 41 41 . . Highest-Rated Ally 31 | . . . . 31 31 . . Total Orders 1 | . . . . . 1 . . EXPLORE 1 | . . . . . 1 . . Ally Attacks . | . . . . . . . . Total Damage . | . . . . . . . . Kills . | . . . . . . . . Allies Corrupted . | . . . . . . . . Allies Melted . | . . . . . . . . Intel | -11 -10 -10 -10 -9 -8 -8 -8 ------- Run | Yrd Mat Min Exi Min Mat Gar Mat Active Infowar (turns) 1014 | 9 593 . . . 118 76 218 Sensors 198 | . . . . . . . 198 Terrain 81 | 9 72 . . . . . . Structural 933 | . 521 . . . 118 76 218 Robot Analysis Total 1 | . 1 . . . . . . Derelict Logs Recovered 1 | . . . . 1 . . . Drone Launches 1 | . . . . . 1 . . Drone Recoveries 1 | . . . . . 1 . . Exploration | -11 -10 -10 -10 -9 -8 -8 -8 ------------- Run | Yrd Mat Min Exi Min Mat Gar Mat Turns Passed 2514 | 127 939 89 329 174 122 236 498 Spaces Moved 2518 | 78 773 81 585 196 145 338 322 Core 585 | 9 . . . . . 254 322 Treads . | . . . . . . . . Legs 209 | 69 140 . . . . . . Wheels . | . . . . . . . . Hover 1724 | . 633 81 585 196 145 84 . Flight . | . . . . . . . . Fastest Speed 48 | 50 56 56 56 56 48 48 50 Average Speed 59 | 115 68 56 56 56 48 53 50 Slowest Speed 200 | 120 180 56 56 56 48 200 100 Overloaded Moves . | . . . . . . . . Propulsion Burnouts . | . . . . . . . . Robots Hopped . | . . . . . . . . Potential Cave-ins . | . . . . . . . . Cave-ins Triggered . | . . . . . . . . Exploration Rate (%) 41 | 5 95 14 93 37 17 43 31 Regions Visited 7 Branch Regions 3 Pre-discovered Areas 1 | . . . 1 . . . . Known Exits Taken 1 | . . . . . 1 . . Unknown Exits Taken 5 | 1 1 1 1 1 . . . Scrap Searched 1 | . . 1 . . . . . Spaces Dug 2 | . . . . . 2 . . Terrain Destroyed 8 | . 6 . . . 2 . . Melee 2 | . . . . . 2 . . Projectile . | . . . . . . . . AOE 6 | . 6 . . . . . . Terrain Rammed . | . . . . . . . . Walls Destroyed . | . . . . . . . . Machines Disabled . | . . . . . . . . Actions | -11 -10 -10 -10 -9 -8 -8 -8 --------- Run | Yrd Mat Min Exi Min Mat Gar Mat Total 3347 | 102 1079 101 585 259 190 373 658 Wait 601 | 2 175 5 . 64 34 . 321 Move 2511 | 77 772 80 584 195 144 337 322 Hop . | . . . . . . . . Pick Up 24 | 6 13 . 1 . . 2 2 Fast Attach 21 | 5 5 . . . 2 6 3 Attach 26 | 2 10 1 . . 5 3 5 Detach 18 | . 11 . . . 2 3 2 Swap 1 | . 1 . . . . . . Drop 15 | . 11 . . . . 2 2 Fire 80 | 10 60 9 . . . . 1 Melee 40 | . 21 6 . . 3 10 . Ram 10 | . . . . . . 10 . Kick . | . . . . . . . . Crush . | . . . . . . . . Escape Stasis . | . . . . . . . . Rewire . | . . . . . . . . Trap . | . . . . . . . . Miscellaneous . | . . . . . . . . Route ------- -11/Scrapyard -10/Materials (discovered 5 exits: [*Mat x3] / [*Min] / [*Sub]) -10/Mines (discovered 3 exits: [*Mat x2] / *Exi) -10/Exiles (discovered 2 exits: [*Min x2]) -9/Mines -8/Materials -8/Garrison (discovered 2 exits: *Mat x2) -8/Materials (discovered 1 exit: [*Fac]) History --------- Turn | Location | Event 11 | -11/Scrapyard | Discovered new exit (range 15) 128 | -11/Scrapyard | Entered Materials 318 | -10/Materials | Build established: Mutant 491 | -10/Materials | Discovered new exit (range 8) 586 | -10/Materials | Central database locked down 634 | -10/Materials | Discovered new exit (range 8) 654 | -10/Materials | Discovered new exit (range 3) 663 | -10/Materials | Discovered new exit (range 9) 866 | -10/Materials | Discovered new exit (range 5) 1067 | -10/Materials | Entered Mines 1079 | -10/Mines | Core integrity fell below 50% 1123 | -10/Mines | Discovered new exit (range 10) 1128 | -10/Mines | Discovered new exit (range 11) 1153 | -10/Mines | Deemed a non-threat by the Exiles lab entrance 1154 | -10/Mines | Discovered new exit (range 5) 1156 | -10/Mines | Entered Exiles 1165 | -10/Exiles | Discovered new exit (range 15) 1183 | -10/Exiles | Met 8R-AWN 1191 | -10/Exiles | Met EX-HEX 1214 | -10/Exiles | Met EX-DEC 1219 | -10/Exiles | Learned location of Zion (-6) 1241 | -10/Exiles | Discovered new exit (range 14) 1283 | -10/Exiles | Visited The Gauntlet 1376 | -10/Exiles | Met EX-BIN 1384 | -10/Exiles | Aligned with FarCom system 1384 | -10/Exiles | Given EX-Vault access code 1429 | -10/Exiles | Opened EX-Vault 1432 | -10/Exiles | Found Supersonic Drone Bay 1444 | -10/Exiles | Warned to stay clear of 0b10 Research branches 1485 | -10/Exiles | Left Exiles lab with Supersonic Drone Bay 1485 | -10/Exiles | Entered Mines 1517 | -9/Mines | Discovered new exit (range 5) 1525 | -9/Mines | Learned Materials trap positions 1659 | -9/Mines | Entered Materials 1659 | -8/Materials | Accompanied by 2 allies 1659 | -8/Materials | Evolved 4 slots: Propulsion x2, Utility x2 1660 | -8/Materials | Loaded intel: 25 trap records 1664 | -8/Materials | Led the pair of lost Derelicts to an unsafe place 1765 | -8/Materials | Identified exit to Garrison 1781 | -8/Materials | Entered Garrison 1789 | -8/Garrison | Triggered checkpoint 1791 | -8/Garrison | Triggered checkpoint 1795 | -8/Garrison | Triggered checkpoint 1815 | -8/Garrison | Garrison Relay disabled 1890 | -8/Garrison | Lost 8 parts (1p5n1u1w) 1895 | -8/Garrison | Installed Relay Interface Framework 1919 | -8/Garrison | Triggered checkpoint 1940 | -8/Garrison | Discovered new exit (range 14) 2005 | -8/Garrison | Discovered new exit (range 9) 2017 | -8/Garrison | Entered Materials 2022 | -8/Materials | Lost 6 parts (1p2n2u1w) 2489 | -8/Materials | Core integrity fell below 50% 2500 | -8/Materials | Core integrity fell below 20% 2509 | -8/Materials | Discovered new exit (range 15) 2515 | -8/Materials | Destroyed by C-17 Slicer with Blade Saw Last Messages --------------- 02368_ Acquired Imp. Signal Interpreter. 02370_ Acquired Imp. Sensor Array. 02372_ Dropped Sensor Array. 02407_ System corrupted: Energy discharge (-17). 02456_ ALERT: Suspicious intruders detected, dispatching Cutter reinforcements to area. 02461_ System corrupted: Matter fused (-10). 02489_ C-17 Slicer knocked back. 02489_ Knocked back. 02497_ Imp. Sensor Array destroyed. 02499_ Structural Scanner destroyed. 02499_ Hacking Suite severed. 02501_ Acquired Hardlight Generator. 02501_ S-10 Pest destroyed. 02502_ Dropped Com. Wheel. 02503_ Acquired Com. Wheel. 02503_ Com. Wheel severed. 02504_ Hardlight Generator severed. 02509_ Lgt. Ion Engine severed. 02509_ EXIT=FOUND Map ----- +----------------------------------------------------+ | ????o?????????? !! """ """ ######## ##??? | | ??????????????? ! """ """ ##??? | | ?????????????? ##??? | | ?????????????? ##??? | | ??????????????? != ##??? | | ?????????????????####### ##??? | | ?????????????????#######! ##??? | | ??????????????????????## ##??? | | ???????????############# " """"" """ /##??? | | ?????????? """"""""" R" ##??? | | ?????????? a """ """ """??????? | | ?????????? ??????? | | ???????????############# * ??????? | | ????????????????????#### ##"Y"###########??????? | | ????????o??????????????# #?"""#?### ??????? | | ???????????????????????# #??###????????????????? | | ???????????????????????# #?????????????????????? | | ???????????????????????# #?????????????????????? | | ???????????????????????# s #?????????????????????? | | ???????????????????????# #?????????????????????? | | ???????????????????????#wc #?????????????????????? | | ???????????????????????# c #?????????????????????? | | ????????????????####+### #?????????????????????? | | ????????????"" # Y #?????????????????????? | | ?????????????"" k c #?????????????????????? | | ?????????????"" # @ #?????????????????????? | | ????????????????####+### +?????????????????????? | | ???????????????????????# #?????????????????????? | | ???????????????????????# < #?????????????????????? | | ???????????????????????# #?????????????????????? | | ???????????????????????#####?????????????????????? | | ?????????????????????????????????????????????????? | | ?????????????????????????????????????????????????? | | ?????????????????????????????????????????????????? | | ?????????????????????????????????????????????????? | | ?????????????????????????????????????????????????? | | ?????????????????????????????????????????????????? | | ?????????????????????????????????????????????????? | | | | | | | | | | | | | | | | | | | | | | | | | +----------------------------------------------------+ Best States ------------- Heat Dissipation 31 Energy Generation 14 Energy Capacity 250 Matter Stores 300 Matter Capacity 300 Sight Range 16 Robot Scan Range 15 Terrain Scan Range 16 Terrain Scan Density 10 Evasion (%) 55 Offensive Hacking 10 Item Schematics ----------------- None Robot Schematics ------------------ None Fabricated ------------ Nothing Repaired ---------- Nothing Studied --------- None Alien Tech Used ----------------- None Achievements -------------- Join The Dark Side Challenges ------------ None Game ------ Seed BiomechanicalReflexMediator Manual? 0 Play Time 00:50:50 Cumulative 27.0 hours Start 2025.12.18 @ 20:14:27 End 2025.12.18 @ 21:10:00 Sessions 1 Manual Loads 0 Difficulty Rogue Special Mode None Game No. 28 Rogue 28 Adventurer 0 Explorer 0 Win Type - Total 0 Types 0/0/0/0/0/0/0/0/0/0 Lore% 16 Gallery% 27 Achievement% 21 Wizard Run 0 Options --------- Layout 0 ASCII 0 Keyboard 0 Movement Mouse Keybinds 0 Fullscreen 2 Font 24/Smallcaps Map View 76x50 Zoom Use 0% Tactical HUD 1 Map Filters NONE Filters NONE Steam 1 RUN: 4c753376-8daf-4089-88ea-437cf35e6279